 Dungeon Crawl Stone Soup version 0.25-a0-860-gf695395b5c (console) character file.

Game seed: 11552839662589890112, levelgen mode: classic

64 Duffy the Shield-Bearer (level 4, -1/42 HPs)
             Began as a Naga Fighter on Apr 29, 2020.
             Slain by a gnoll
             ... wielding a +0 spear
              (4 damage)
             ... on level 2 of the Dungeon.
             The game lasted 00:01:42 (1118 turns).

Duffy the Shield-Bearer (Naga Fighter)              Turns: 1118, Time: 00:01:42

Health: -1/42      AC:  8    Str: 19    XL:     4   Next: 12%
Magic:  4/4        EV:  3    Int:  9    God:
Gold:   61         SH:  9    Dex: 10    Spells: 3/3 levels left

rFire    . . .     SeeInvis +   a - +0 war axe
rCold    . . .     Gourm    .   c - +0 kite shield
rNeg     . . .     Faith    .   p - +0 chain mail
rPois    +         Spirit   .   g - +0 helmet
rElec    .         Reflect  .   (no cloak)
rCorr    .         Harm     .   i - +0 pair of gloves
MR       ++...                  (no barding)
Stlth    ..........             (no amulet)
HPRegen  0.14/turn              k - ring of protection from magic
MPRegen  0.09/turn              o - ring of protection from magic

@: mighty, very slow
A: large, see invisible, deformed body, poison resistance, slowness 2, slow
metabolism 1, spit poison 1, AC +1
a: Spit Poison


You were on level 2 of the Dungeon.
You were hungry.

You visited 1 branch of the dungeon, and saw 2 of its levels.

You collected 61 gold pieces.

Inventory:

Hand Weapons
 a - a +0 war axe (weapon)
Armour
 c - a +0 kite shield (worn)
 g - a +0 helmet (worn)
 i - a +0 pair of gloves (worn)
 p - a +0 chain mail (worn)
Jewellery
 k - a ring of protection from magic (left hand)
 l - an uncursed ring of fire
 o - a ring of protection from magic (right hand)
Potions
 m - a potion of haste {unknown}
 n - a potion of magic {unknown}
Comestibles
 f - 2 rations
 j - 3 chunks of flesh


   Skills:
 - Level 3.0 Fighting
 + Level 3.3 Axes
 - Level 2.4 Armour
 + Level 3.3 Shields


You had 3 spell levels left.
You didn't know any spells.
Your spell library was empty.

Dungeon Overview and Level Annotations

Branches:
Dungeon (2/15)

Altars:


Innate Abilities, Weirdness & Mutations

You cannot wear boots.
Your serpentine skin is tough. (AC +1)
You have supernaturally acute eyesight. (SInv)
Armour fits poorly on your strangely shaped body.
Your system is resistant to poisons. (rPois)
You cover ground very slowly.
You have a slow metabolism.
You can spit poison.


Message History

You slash the bat!
You kill the bat!
The gnoll hits you from afar with a +0 spear.
You block the gnoll's attack. The gnoll hits you but does no damage.
The gnoll hits you from afar with a +0 spear.
Things that are here:
a +0 halberd; a +0 robe You closely miss the gnoll.
The gnoll barely misses you. The gnoll completely misses you.
The gnoll hits you with a +0 spear. You block the gnoll's attack.
You slash the gnoll!
You kill the gnoll!
You have reached level 4!
You feel stronger. You block the gnoll's attack.
Your shield and chain mail prevent you from hitting the hobgoblin.
You block the hobgoblin's attack.
The gnoll hits you from afar with a +0 spear.
You die...

.##. ... ..# ..#### #
...#####g....# #.
#..g...g#
###.##.#####.# #.# ..
......#####%#.....
..###.#..##.@gg.....#
.........##.##.######
......#..##.##.# #
#...........#
...##.#.########
..........##
.#.........#
#######...# #...#


You could see a gnoll and a hobgoblin.

Vanquished Creatures
  2 gnolls (D:2)
  2 leopard geckos (D:1)
  2 ball pythons
  4 giant cockroaches
  9 goblins
  A hobgoblin (D:1)
  A quokka (D:2)
  7 bats
  4 kobolds
  7 rats
39 creatures vanquished.

Notes
Turn   | Place    | Note
-------+----------+-------------------------------------------
     0 | D:1      | Duffy the Naga Fighter began the quest for the Orb.
     0 | D:1      | Reached XP level 1. HP: 21/21 MP: 1/1
   393 | D:1      | Reached XP level 2. HP: 26/28 MP: 2/2
   660 | D:1      | Reached XP level 3. HP: 34/34 MP: 3/3
  1111 | D:2      | HP: 1/34 [gnoll/+0 halberd (4)]
  1117 | D:2      | Reached XP level 4. HP: 3/42 MP: 4/4
  1118 | D:2      | Slain by a gnoll

Levels and vault maps discovered:
D:1:      dpeg_arrival_central, layout_basic
D:2:      layout_loops_cross

Skill      XL: |  1  2  3 |
---------------+----------+-----
Shields        | 3 |  3.3
Axes           | 3 |  3.3
Fighting       | |  3.0
Armour         | |  2.4

Action                   |  1- 3 |  4- 6 || total
-------------------------+-------+-------++-------
Melee: War axe           |   101 |     1 ||   102
 Abil: Spit Poison       |     4 |       ||     4
  Use: Potion            |     3 |       ||     3
       Scroll            |     1 |       ||     1
Armor: Scale mail        |    58 |       ||    58
       Chain mail        |    22 |       ||    22
Dodge: Dodged            |    26 |       ||    26
Block: Kite shield       |    67 |     2 ||    69

Table legend:
 A = Non-vault XP
 B = Vault XP
 C = Vault XP percentage of total XP
 D = Non-vault monster count
 E = Vault monster count
 F = Vault count percentage of total count
                 A         B        C        D         E       F
            +---------+---------+-------+---------+---------+-------
      Total |      92 |       0 |   0.0 |      39 |       0 |   0.0
            +---------+---------+-------+---------+---------+-------
        D:1 |      45 |       0 |   0.0 |      27 |       0 |   0.0
        D:2 |      47 |       0 |   0.0 |      12 |       0 |   0.0
            +---------+---------+-------+---------+---------+-------
